cohdb
Replays
Latest Replays
All Replays
Popular Replays
Top Player Replays
Match Explorer
How It Works
Community
CoH3 Stats
Reddit
Sign in to upload your games and track your stats! →
Sign in with Steam
Match 39662960
Unlisted
Match 39662960
Overview
Messages
Build Orders
End
Engineer Squad
Construct Weapon Support Center
M1919 Machine Gun Team
M1919 Machine Gun Team
Bazooka Squad
Engineer Squad
Construct Medical Station
Air Support Center
Selects Heavy Weapons
Selects M2HB .50cal Heavy Machine Gun
M1919 Machine Gun Team
Grasshopper Recon Run
P-47 Strafing Run
ßoo
Tactical Nuclear Cow
KoreanLiberationArmy
Ismachu
ModMapper
ReverseAverage
0
0
Comments
sign in to comment!
No comments posted yet!